 Dungeon Sprint DCSS version 0.30-a0-358-g0d69a1922f (webtiles) character file.

Game seed: 13014082680230198154

13621 rocky1 the Blocker (level 12, 0/82 HPs)
             Began as a Gargoyle Monk on Nov 9, 2022.
             Was the Champion of Cheibriados.
             Slain by a quicksilver ooze (14 damage)
             ... in the Dungeon (Sprint V: "Ziggurat Sprint").
             The game lasted 00:10:35 (1291 turns).

rocky1 the Blocker (Gargoyle Monk)                  Turns: 1291, Time: 00:10:36

Health: 0/82       AC: 26    Str: 46    XL:     12   Next: 7%
Magic:  0/21       EV: 15    Int: 27    God:    Cheibriados [******]
Gold:   0          SH: 18    Dex: 27    Spells: 11/11 levels left

rFire   + . .      SeeInvis .    D - +5 demon whip
rCold   + . .      Faith    .    H - +3 kite shield
rNeg    + . .      Spirit   +    K - +5 gold dragon scales
rPois   ∞          Reflect  .    (no helmet)
rElec   +          Harm     .    (no cloak)
rCorr   .          Rampage  .    (no gloves)
Will    .....      NoTele   +    (no boots)
Stlth   ..........               m - amulet of guardian spirit
HPRegen 0.33/turn                A - +6 ring of strength
MPRegen 0.17/turn                B - +6 ring of strength

@: engulfed, on berserk cooldown, slowed, very slow
A: sickness immunity, AC +8, negative energy resistance 1, electricity
resistance, torment resistance 1, petrification resistance, deformed body, no
potion heal 1
a: Renounce Religion, Bend Time, Temporal Distortion, Slouch, Step From Time


You were in the Dungeon.
You worshipped Cheibriados.
Cheibriados was exalted by your worship.
You visited 1 branch

Inventory:

Hand Weapons
 y - the +12 pair of quick blades "Gyre" and "Gimble" {protect}
   (You found it in the Dungeon)

   It grants its wielder temporary protection when it strikes (+7 to AC).
 D - a +5 demon whip (weapon)
 E - a +5 great mace
 F - a +5 broad axe
Armour
 H - a +3 kite shield (worn)
 I - a +3 tower shield
 J - a +5 crystal plate armour
 K - +5 gold dragon scales (worn)
Magical Staves
 b - a staff of earth
Jewellery
 m - an amulet of guardian spirit (around neck)
 v - the amulet of False Hope {rElec rF+ Regen+ MP-9 Str+3}
   (You found it in the Dungeon)

   [amulet of regeneration]

   Str:       It affects your strength (+3).
   rF:        It protects you from fire.
   rElec:     It insulates you from electricity.
   MP:        It affects your magic capacity (-9).
   Regen:     It increases your rate of health regeneration.
 x - an amulet of magic regeneration
 z - a ring of magical power
 A - a +6 ring of strength (left hand)
 B - a +6 ring of strength (right hand)
 N - a ring of protection from fire
Wands
 s - a wand of mindburst (7)
 t - a wand of iceblast (7)
 u - a wand of acid (7)
Scrolls
 a - a scroll of brand weapon
 i - 4 scrolls of blinking
 o - 4 scrolls of amnesia
 p - 8 scrolls of fog
 q - 5 scrolls of identify
 r - 2 scrolls of fear
Potions
 c - a potion of ambrosia
 d - 9 potions of curing
 e - 4 potions of heal wounds
 g - 7 potions of magic
 h - a potion of berserk rage
 j - 2 potions of brilliance
 k - 2 potions of invisibility
 l - 4 potions of resistance
 n - 5 potions of might
Miscellaneous
 f - a phantom mirror
 w - a condenser vane
 C - a lightning rod (4/4)
 M - a phantom mirror
 O - a phial of floods


   Skills:
 + Level 12.7 Fighting
 + Level 12.8 Maces & Flails
 + Level 12.2 Armour
 + Level 9.9 Dodging
 - Level 2.1 Stealth
 + Level 13.5 Shields
 + Level 12.2 Invocations
 + Level 10.4 Evocations


You had 11 spell levels left.
You didn't know any spells.
Your spell library contained the following spells:

 Spells                   Type           Power      Damage    Failure   Level
 Apportation              Tloc           0%         N/A       86%         1
 Shock                    Conj/Air       0%         1d3       86%         1
 Sting                    Tmut/Pois      0%         1d3       86%         1
 Momentum Strike          Conj/Tloc      0%         3d8       95%         2
 Poisonous Vapours        Pois/Air       0%         N/A       95%         2
 Searing Ray              Conj           0%         2d4       95%         2
 Frozen Ramparts          Ice            0%         1d1       99%         3
 Ignite Poison            Fire/Tmut/Pois 0%         N/A       99%         3
 Swiftness                Air            0%         N/A       99%         3
 Teleport Other           Tloc           0%         N/A       99%         3
 Airstrike                Air            0%         2d(0-16)  100%        4
 Animate Armour           Summ/Erth      0%         N/A       100%        4
 Cause Fear               Hex            0%         N/A       100%        4
 Fulminant Prism          Conj/Hex       0%         3d5       100%        4
 Ice Form                 Ice/Tmut       0%         N/A       100%        4
 Olgreb's Toxic Radiance  Pois           0%         N/A       100%        4
 Summon Ice Beast         Ice/Summ       0%         N/A       100%        4
 Blade Hands              Tmut           0%         N/A       100%        5
 Summon Mana Viper        Hex/Summ       0%         N/A       100%        5
 Conjure Ball Lightning   Conj/Air       0%         3x3d6     100%        6
 Iron Shot                Conj/Erth      0%         9d1       100%        6
 Dragon Form              Tmut           0%         N/A       100%        7
 Monstrous Menagerie      Summ           0%         N/A       100%        7
 Discord                  Hex            0%         N/A       100%        8
 Disjunction              Tloc           0%         N/A       100%        8
 Dragon's Call            Summ           0%         N/A       100%        9


Dungeon Overview and Level Annotations

Branches:
Dungeon (1/1)

Altars:
Ashenzari
Cheibriados
Dithmenos
Elyvilon
Fedhas
Gozag
Hepliaklqana
Kikubaaqudgha
Makhleb
Nemelex Xobeh
Okawaru
Qazlal
Ru
Sif Muna
Trog
Uskayaw
Vehumet
Wu Jian
Xom
Yredelemnul
Zin
The Shining One
Jiyva
Lugonu


Innate Abilities, Weirdness & Mutations

You are immune to sickness and miasma.
Your stone body is resilient. (AC +8)
You are immune to poison.
You resist negative energy. (rN+)
You are resistant to electric shocks. (rElec)
You are resistant to unholy torment.
You are immune to petrification.
Armour fits poorly on your strangely shaped body.
Potions are less effective at restoring your health.


Message History

You whack the shining eye!
The shining eye is moderately wounded.
The quicksilver ooze misses you.
The quicksilver ooze hits you but does no damage.
The slime creature closely misses you.
The slime creature hits you but does no damage.
The quicksilver ooze hits you! The quicksilver ooze engulfs you!
The quicksilver ooze barely misses you.
You thrash the shining eye!!
The shining eye is almost dead.
The slime creature hits you.
The slime creature hits you but does no damage.
The quicksilver ooze hits you!
* * * LOW HITPOINT WARNING * * *
The quicksilver ooze hits you.
* * * LOW HITPOINT WARNING * * *
The shining eye gazes at you.
Strange energies course through your body.
Your system partially rejects the healing effects of potions.
Your system partially rejects the healing.
You feel much better. The quicksilver ooze misses you.
The quicksilver ooze barely misses you.
The slime creature hits you but does no damage.
The slime creature completely misses you.
The quicksilver ooze hits you!
* * * LOW HITPOINT WARNING * * *
The quicksilver ooze barely misses you. The slime creature misses you.
The slime creature hits you.
* * * LOW HITPOINT WARNING * * *
The quicksilver ooze hits you.
The quicksilver ooze completely misses you.
Okay, then.
Your system partially rejects the healing.
You feel better. The quicksilver ooze hits you.
* * * LOW HITPOINT WARNING * * *
The quicksilver ooze hits you.
* * * LOW HITPOINT WARNING * * *
You feel your power leaking away.
You block the slime creature's attack. x2; The quicksilver ooze hits you!
You die...

▓...8©8.
▓..)))}|}.▓..))|[.
▓..)|:|)..▓..}.)..
▓.........▓.....).
▓.........▓...)...
▓.........▓.......
▓J........▓...)...
▓GJ▓...▓..▓....†).
▓@▓.J...▓.▓.▓..)..
▓JJG.©....▓....©..
▓▓▓▓▓▓▓▓▓▓▓▓▓▓▓▓▓▓


You could see a great orb of eyes, 2 slime creatures, a shining eye, a
quicksilver ooze and a jelly.

Vanquished Creatures
  An acid blob (D)
  A rockslime (D)
  A vault warden (D)
  3 vampire knights (D)
  A great orb of eyes (D)
  3 vault guards (D)
  An ironbound frostheart (D)
  A glowing orange brain (D)
  A wizard (D)
  A cyclops (D)
  A cane toad (D)
  3 yaktaurs (D)
  3 wind drakes (D)
  A slime creature (D)
  A shadow (D)
  5 air elementals (D)
  A yak (D)
  A golden eye (D)
  A basilisk (D)
  2 hell hounds (D)
  A water moccasin (D)
  5 centaurs (D)
  2 bullfrogs (D)
  A necrophage (D)
  3 wights (D)
  A crimson imp (D)
  A quasit (D)
  2 orc priests (D)
  2 iron imps (D)
  4 jellies (D)
  An orc wizard (D)
  A shadow imp (D)
  3 ufetubi (D)
  An adder skeleton (D)
  An orc (D)
  A bat skeleton (D)
  An endoplasm (D)
  A jackal (D)
  2 ball python zombies (D)
  A jackal skeleton (D)
68 creatures vanquished.

Notes
Turn   | Place    | Note
-------+----------+-------------------------------------------
     0 | D        | rocky1 the Gargoyle Monk began the quest for the Orb.
     0 | D        | Reached XP level 1. HP: 14/14 MP: 1/1
     0 | D        | Found a shimmering blue altar of Sif Muna.
     0 | D        | Found a bloodstained altar of Trog.
     0 | D        | Found a sacrificial altar of Ru.
     0 | D        | Found a stormy altar of Qazlal.
     0 | D        | Found an iron altar of Okawaru.
     1 | D        | Found a sparkling altar of Nemelex Xobeh.
     1 | D        | Found a blossoming altar of Fedhas.
     1 | D        | Found the +6 Majin-Bo {vamp, MP+6 Int+6}
     1 | D        | Found the +9 heavy crossbow "Sniper" {vorpal, Acc+∞ SInv}
     1 | D        | Found the +10 dark maul {vorpal}
     1 | D        | Found the +15 Maxwell's patent armour {-Cast -Tele rElec
                  | Will+ rCorr}
     1 | D        | Found the +18 shield of the Gong {rElec rN+ Will+ EV-5}
     1 | D        | Found the +14 obsidian axe {vorpal, Mesm Drain Fly SInv}
     1 | D        | Found the +7 great mace "Firestarter" {inner flame, rF++}
     1 | D        | Found the +6 shillelagh "Devastator" {shatter}
     1 | D        | Found the +11 plutonium sword {Contam Stlth-}
     1 | D        | Found the +8 lance "Wyrmbane" {slay drac, rPois rF+ rC+
                  | AC+3}
     1 | D        | Found the +9 sword of Zonguldrok {reap}
     1 | D        | Found the +13 scythe of Curses {drain, Drain}
     1 | D        | Found the +5 sword of Power {vorpal}
     1 | D        | Found the +7 mace of Variability {chain chaos}
     1 | D        | Found the +7 Singing Sword {vorpal, sonic wave}
     1 | D        | Found the +8 storm bow {elec, penet}
     3 | D        | Found a transporter.
     3 | D        | Found an ancient bone altar of Kikubaaqudgha.
     3 | D        | Found a viscous altar of Jiyva.
     3 | D        | Found a corrupted altar of Lugonu.
     3 | D        | Found a hazy altar of Hepliaklqana.
     3 | D        | Found a burning altar of Makhleb.
     3 | D        | Found an opulent altar of Gozag.
    50 | D        | Became a worshipper of Cheibriados the Contemplative
    50 | D        | Reached * piety under Cheibriados
    50 | D        | Reached ** piety under Cheibriados
    55 | D        | Reached skill level 5 in Shields
    55 | D        | Reached XP level 2. HP: 19/19 MP: 2/2
    79 | D        | Entered arena 2.
    79 | D        | Noticed a golden eye
    79 | D        | Found a transporter.
    94 | D        | Killed a golden eye
    95 | D        | Reached skill level 6 in Shields
    95 | D        | Reached XP level 3. HP: 25/25 MP: 2/5
    95 | D        | Reached XP level 4. HP: 30/30 MP: 2/6
    95 | D        | Reached XP level 5. HP: 34/34 MP: 2/7
   138 | D        | Got the +1 fire dragon scales of the Endless Moons {rPois
                  | rF++ rC- rCorr MP-9 Slay+3}
   145 | D        | Entered arena 3.
   145 | D        | Found a transporter.
   152 | D        | Reached skill level 5 in Fighting
   153 | D        | Reached *** piety under Cheibriados
   184 | D        | Entered arena 4.
   184 | D        | Found a transporter.
   188 | D        | Reached **** piety under Cheibriados
   189 | D        | Reached skill level 7 in Shields
   189 | D        | Reached XP level 6. HP: 40/40 MP: 8/8
   202 | D        | Entered arena 5.
   202 | D        | Found a transporter.
   207 | D        | Reached ***** piety under Cheibriados
   218 | D        | Got the ring "Zunu" {Ice Int+2}
   331 | D        | Entered arena 6.
   331 | D        | Noticed a slime creature
   331 | D        | Found a transporter.
   343 | D        | Reached skill level 5 in Armour
   343 | D        | Reached skill level 5 in Invocations
   343 | D        | Reached XP level 7. HP: 17/46 MP: 10/10
   343 | D        | HP: 2/46 [slime creature (16)]
   351 | D        | Killed a slime creature
   352 | D        | Reached skill level 5 in Dodging
   352 | D        | Reached skill level 8 in Shields
   640 | D        | Entered arena 7.
   647 | D        | Reached ****** piety under Cheibriados
   648 | D        | Reached skill level 5 in Evocations
   651 | D        | Reached XP level 8. HP: 36/53 MP: 12/12
   666 | D        | Found a transporter.
   672 | D        | Got the amulet of False Hope {rElec rF+ Regen+ MP-9 Str+3}
   689 | D        | Entered arena 8.
   689 | D        | Noticed a cyclops
   691 | D        | Reached skill level 9 in Shields
   691 | D        | Found a transporter.
   697 | D        | Killed a cyclops
   742 | D        | Got the ring "Equer" {rPois Dex+5 Stlth-}
   753 | D        | Entered arena 9.
   753 | D        | Noticed a cane toad
   753 | D        | Noticed a yak
   756 | D        | Reached XP level 9. HP: 60/60 MP: 14/14
   769 | D        | Killed a cane toad
   774 | D        | Reached skill level 10 in Shields
   784 | D        | Found a transporter.
   844 | D        | Entered arena 10.
   844 | D        | Noticed a wind drake
   844 | D        | Noticed a wind drake
   844 | D        | Noticed a wind drake
   844 | D        | Paralysed by an air elemental for 1 turns
   846 | D        | Reached skill level 10 in Maces & Flails
   846 | D        | Found a transporter.
   848 | D        | Killed a wind drake
   848 | D        | Killed a wind drake
   848 | D        | Killed a wind drake
   849 | D        | Reached XP level 10. HP: 18/68 MP: 2/16
  1023 | D        | Got Buaphor's Grimoire of Confrontation
  1133 | D        | Entered arena 11.
  1133 | D        | Noticed a vault warden
  1133 | D        | Noticed a wizard
  1133 | D        | Noticed an ironbound frostheart
  1133 | D        | Noticed a vault guard
  1133 | D        | Noticed a vault guard
  1133 | D        | Noticed a vault guard
  1135 | D        | Killed a wizard
  1136 | D        | Reached skill level 10 in Fighting
  1136 | D        | Reached skill level 11 in Shields
  1136 | D        | Killed a vault guard
  1136 | D        | Killed a vault guard
  1136 | D        | Killed an ironbound frostheart
  1137 | D        | Reached skill level 10 in Armour
  1137 | D        | Reached skill level 12 in Shields
  1137 | D        | Reached skill level 10 in Invocations
  1137 | D        | Reached XP level 11. HP: 56/74 MP: 2/18
  1137 | D        | Found a transporter.
  1140 | D        | Killed a vault warden
  1142 | D        | Killed a vault guard
  1168 | D        | Got the Lessons on the Non-Euclidean Spider
  1210 | D        | Entered arena 12.
  1210 | D        | Found the +12 pair of quick blades "Gyre" and "Gimble"
                  | {protect}
  1211 | D        | Noticed a vampire knight
  1211 | D        | Noticed a vampire knight
  1211 | D        | Noticed a vampire knight
  1216 | D        | Killed a vampire knight
  1221 | D        | Killed a vampire knight
  1224 | D        | Killed a vampire knight
  1225 | D        | Reached skill level 13 in Shields
  1227 | D        | Found a transporter.
  1256 | D        | Entered arena 13.
  1256 | D        | Noticed a great orb of eyes
  1256 | D        | Noticed a great orb of eyes
  1256 | D        | Noticed a rockslime
  1258 | D        | Noticed a glowing orange brain
  1258 | D        | Noticed a shining eye
  1258 | D        | Noticed an acid blob
  1266 | D        | Killed a rockslime
  1267 | D        | Reached skill level 10 in Evocations
  1270 | D        | Killed an acid blob
  1274 | D        | Killed a great orb of eyes
  1275 | D        | Reached XP level 12. HP: 68/82 MP: 0/21
  1285 | D        | Gained mutation: Armour fits poorly on your strangely
                  | shaped body. [a shining eye]
  1286 | D        | Noticed a quicksilver ooze
  1289 | D        | Gained mutation: Potions are less effective at restoring
                  | your health. [a shining eye]
  1291 | D        | Slain by a quicksilver ooze

Illustrated notes

Levels and vault maps discovered:
D:        sprint_v [room_start, room_1, room_2, room_3, room_4, room_5, room_6,
          room_7, room_8, room_9, room_10, room_11, room_12, room_13, room_14,
          room_15, room_16, room_17, room_18, room_19, room_20, room_21,
          room_22, room_23, room_24, room_25, room_26, room_27]

Skill      XL: |  1  2  3  4  5  6  7  8  9 10 11 |
---------------+----------------------------------+-----
Maces & Flails | 6 7 8 9 10 11 12 | 12.8
Shields        | 5 6 7 8 9 10 12 13 | 13.5
Fighting       | 4 5 6 7 8 9 11 12 | 12.7
Armour         | 3 5 6 7 9 10 12 | 12.2
Dodging        | 3 4 5 6 7 8 9 |  9.9
Invocations    | 3 5 6 7 9 10 12 | 12.2
Evocations     | 2 3 4 5 6 7 8 10 | 10.4
Stealth        | |  2.1

Action                   |  1- 3 |  4- 6 |  7- 9 | 10-12 || total
-------------------------+-------+-------+-------+-------++-------
Melee: Demon whip        |     4 |    33 |    57 |    35 ||   129
Invok: Slouch            |       |       |     4 |     7 ||    11
  Use: Potion            |     2 |       |     2 |     6 ||    10
Armor: Plate armour      |       |    18 |    25 |       ||    43
       Gold dragon scale |       |       |       |    18 ||    18
Dodge: Dodged            |     1 |    21 |    36 |    18 ||    76
Block: Buckler           |       |    24 |    46 |     1 ||    71
       Kite shield       |       |       |       |    31 ||    31

Table legend: (Time is in decaauts)
 A = Elapsed time spent in this place.
 B = Non-inter-level travel time spent in this place.
 C = Inter-level travel time spent in this place.
 D = Time resting spent in this place.
 E = Time spent auto-exploring this place.
 F = Levels seen in this place.
 G = Mean time per level.
                   A        B        C        D        E       F      G
               +--------+--------+--------+--------+--------+-----+--------+
         Total |   1489 |   1489 |      0 |    709 |      0 |   1 | 1489.0 |
       Dungeon |   1489 |   1489 |      0 |    709 |      0 |   1 | 1489.0 |
               +--------+--------+--------+--------+--------+-----+--------+

Top non-repeatable levels by time:
       D: 1489 daAuts
